 Dungeon Crawl Stone Soup version 0.28.0-45-g0d030f2227 (webtiles) character file.

Game seed: 4149541755106150451

6148 101zpm the Thaumaturge (level 11, -12/65 (72) HPs)
             Began as a Djinni Ice Elementalist on Apr 20, 2022.
             Was a Follower of Dithmenos.
             Killed from afar by Josephine (16 damage)
             ... with a ghostly fireball
             ... on level 11 of the Dungeon.
             The game lasted 00:40:11 (18869 turns).

101zpm the Thaumaturge (Djinni Ice Elementalist)   Turns: 18869, Time: 00:40:12

HP:   -12/65 (72)   AC:  6    Str:  7    XL:     11   Next: 13%
Gold: 460           EV: 18    Int: 21    God:    Dithmenos [*.....] SH:  0 Dex: 14

rFire   + + .      SeeInvis .   F - +6 hand axe (vamp)
rCold   x . .      Faith    .   (no shield)
rNeg    . . .      Spirit   .   p - +2 robe {Will+}
rPois   ∞          Reflect  .   t - +0 helmet
rElec   .          Harm     .   (no cloak)
rCorr   .          Rampage  .   m - +0 pair of gloves
Will    ++...                   (boots unavailable)
Stlth   +++.......              (no amulet)
HPRegen 0.20/turn               A - +4 ring of evasion
MPRegen 0.00/turn               (no ring)

@: flying, slowed, wreathed by umbra, drained, very slow
A: sickness immunity, fire resistance 2, cold vulnerability 1, float, innate
caster, HP casting, extra vitality 1
a: Renounce Religion


You were on level 11 of the Dungeon.
You worshipped Dithmenos.
Dithmenos was aware of your devotion.
You visited 2 branches of the dungeon, and saw 12 of its levels.

You collected 460 gold pieces.

Inventory:

Hand Weapons
 q - a +1 mace of protection
 r - a +5 mace
 D - a +2 dagger of speed
 F - a +6 vampiric hand axe (weapon)
 G - a +4 great sword of freezing
Missiles
 l - 349 stones
 z - 7 boomerangs
 E - 5 throwing nets
 L - 8 poisoned darts
Armour
 m - a +0 pair of gloves (worn)
 p - a +2 robe of willpower (worn)
 t - a +0 helmet (worn)
 C - a +0 leather armour of willpower
Magical Staves
 g - a staff of cold
Jewellery
 A - a +4 ring of evasion (left hand)
Wands
 a - a wand of flame (19)
 B - a wand of iceblast (15)
Scrolls
 b - 3 scrolls of noise
 d - 4 scrolls of teleportation
 e - 2 scrolls of enchant armour
 f - 2 scrolls of identify
 j - a scroll of immolation
 n - a scroll of enchant weapon
 w - 2 scrolls of magic mapping
 y - 2 scrolls of amnesia
 H - a scroll of fog
Potions
 c - a potion of resistance
 h - 2 potions of might
 i - 3 potions of degeneration {unknown}
 k - 4 potions of heal wounds
 o - 2 potions of brilliance {unknown}
 s - 6 potions of magic
 u - 3 potions of mutation {unknown}
 v - 5 potions of curing {unknown}
 x - a potion of berserk rage
 I - a potion of lignification {unknown}
 J - 2 potions of attraction {unknown}
 K - a potion of flight {unknown}


   Skills:
 + Level 3.7 Fighting
 + Level 3.0(4.3) Axes
 + Level 4.5(5.1) Maces & Flails
 + Level 1.2(3.4) Staves
 + Level 6.4 Dodging
 + Level 4.1 Stealth
 + Level 9.9 Spellcasting


You had 4 spell levels left.
You knew the following spells:

 Your Spells              Type           Power      Damage    Failure   Level
a - Freeze                Ice            100%       1d11      1%          1
b - Frozen Ramparts       Ice            100%       1d12      1%          3
c - Ozocubu's Armour      Ice            51%        N/A       1%          3
d - Hailstorm             Conj/Ice       51%        3d11      1%          4
e - Sting                 Tmut/Pois      100%       1d8       1%          1
f - Passwall              Tmut/Erth      42%        N/A       1%          2
g - Wereblood             Tmut           51%        N/A       1%          2
h - Cause Fear            Hex            25%        N/A       1%          4
i - Silence               Hex/Air        25%        N/A       3%          5
Your spell library was empty.

Dungeon Overview and Level Annotations

Branches:
Dungeon (11/15)            Temple (1/1) D:6            Lair (0/6) D:10
    Orc (0/2) D:9

Altars:
Ashenzari
Cheibriados
Dithmenos
Elyvilon
Fedhas
Gozag
Hepliaklqana
Kikubaaqudgha
Makhleb
Nemelex Xobeh
Okawaru
Qazlal
Ru
Sif Muna
Trog
Uskayaw
Vehumet
Wu Jian
Xom
Yredelemnul
Zin
The Shining One

Shops:
D:1 *   D:4 =   D:9 *   D:11 *

Annotations:
D:5 2 transporters, Acheron's ghost, novice MfAr
D:11 Josephine


Innate Abilities, Weirdness & Mutations

You are immune to sickness and miasma.
You are immune to poison.
Your flesh is very heat resistant. (rF++)
You are vulnerable to cold. (rC-)
You float through the air rather than walking.
You learn spells naturally, not from books.
Your magical power is your life essence.
You have superior vitality. (+4 MHP)


Message History

The wraith hits you. The wraith drains your vigour!
You feel yourself slow down.
The wraith resists.
The wall freezes the wraith.
The wraith hits you. The wraith drains your vigour!
You feel as though you will be slow longer.
The wall freezes Josephine.
Josephine casts a spell at you.
The ghostly flame explodes!
The ghostly fireball engulfs the wraith.
The wraith completely resists.
The ghostly fireball engulfs you!!
You feel drained.
* * * LOW HITPOINT WARNING * * *
The ghostly fireball engulfs the wraith.
The wraith completely resists.
The ghostly fireball engulfs Josephine.
Josephine completely resists.
You hear a shout! x3
Casting: Ozocubu's Armour (safe; 1% risk of failure)
Confirm with . or Enter, or press ? or * to list all spells.
Casting: Cause Fear (dangerous; 1% risk of failure)
Press: ? - help, Dir - look around, f - activate Look: Josephine, wielding a +0 dagger and wearing a +0 robe (lightly wounded, umbra, chance to affect: 49%) Josephine looks frightened!
The wraith is unaffected. x3
* * * LOW HITPOINT WARNING * * *
The wraith resists.
The wall freezes the wraith.
The wraith hits you!
* * * LOW HITPOINT WARNING * * *
The wraith drains your vigour!
You feel as though you will be slow longer.
The wraith resists.
The wall freezes the wraith.
The wraith hits you but does no damage.
The wraith resists.
The wall freezes the wraith.
The wall freezes Josephine!
Your attack snaps Josephine out of her fear.
The wraith resists.
The wall freezes the wraith.
The wraith completely misses you.
Your icy armour and frozen ramparts will break if you move.
Continue?
Your icy armour cracks and falls away as you move.
The frozen ramparts melt away as you move.
Josephine grins evilly.
The wraith misses you. Josephine casts a spell at you.
The ghostly flame explodes!
The ghostly fireball engulfs you!
You feel drained.
You die...

##....@...#
#..###....# #.#
#....#
#.####....#
#.####.#......?#
.......WW.....#
###..8@.#....#
.####....W##....#
........@.#######
......)).).##
####.#..∩...# #.
##...#...# ..
#.<.###..# ..
#...........# #
#####8####### ###


You could see Josephine and 3 wraiths.

Vanquished Creatures
  Harold (D:8)
  A gargoyle (D:10)
  Psyche (D:8)
  A troll (D:10)
  Sigmund (D:3)
  A shadow (D:10)
  A wraith (D:10)
  A wyvern (D:8)
  Grum (D:8)
  A steam dragon (D:10)
  Menkaure (D:4)
  An acid dragon (D:9)
  Duvessa (D:7)
  2 ice beasts
  4 orc warriors
  4 wolves (D:8)
  5 centaurs
  A phantom (D:6)
  2 bullfrogs
  2 kobold brigands
  A wyvern skeleton (D:6)
  A water moccasin skeleton (D:6)
  Dowan (D:7)
  6 killer bees (D:7)
  3 wights (D:8)
  2 howler monkeys (D:9)
  4 crimson imps (D:5)
  A centaur zombie (D:6)
  3 hounds
  6 orc priests
  A jelly (D:6)
  3 centaur skeletons
  4 iguanas
  Natasha (twice) (D:2)
  11 orc wizards
  A killer bee zombie (D:9)
  4 howler monkey zombies
  Robin (D:4)
  6 adders
  4 gnolls (D:7)
  2 white imps
  2 ufetubi (D:5)
  2 dart slugs
  50 orcs
  5 ball pythons
  6 bats
  9 endoplasms
  3 giant cockroaches
  20 goblins
  12 hobgoblins
  3 quokkas
  3 frilled lizards
  14 kobolds
  3 rats
232 creatures vanquished.

Vanquished Creatures (others)
  An orc wizard (D:7)
  3 plants (D:7)
4 creatures vanquished.

Grand Total: 236 creatures vanquished

Notes
Turn   | Place    | Note
-------+----------+-------------------------------------------
     0 | D:1      | 101zpm the Djinni Ice Elementalist began the quest for the
                  | Orb.
     0 | D:1      | Reached XP level 1. HP: 15/15 MP: 0/0
    83 | D:1      | Found Jeimetza's General Store.
   212 | D:1      | Found a faded altar of an unknown god.
   293 | D:1      | Reached XP level 2. HP: 16/21 MP: 0/0
  1367 | D:1      | Reached XP level 3. HP: 23/25 MP: 0/0
  1367 | D:1      | Learned a level 1 spell: Sting
  1589 | D:2      | Reached skill level 4 in Spellcasting
  1589 | D:2      | Reached XP level 4. HP: 17/31 MP: 0/0
  1911 | D:2      | Noticed Natasha
  1916 | D:2      | Killed Natasha
  2014 | D:2      | Noticed Natasha
  2020 | D:2      | Killed Natasha
  2021 | D:2      | Reached XP level 5. HP: 19/36 MP: 0/0
  2021 | D:2      | Learned a level 2 spell: Passwall
  3506 | D:3      | Noticed Sigmund
  3520 | D:3      | Killed Sigmund
  3521 | D:3      | Reached skill level 1 in Fighting
  3521 | D:3      | Reached skill level 5 in Spellcasting
  3521 | D:3      | Reached XP level 6. HP: 28/42 MP: 0/0
  4231 | D:4      | Reached XP level 7. HP: 40/47 MP: 0/0
  4231 | D:4      | Learned a level 2 spell: Wereblood
  4421 | D:4      | Noticed Menkaure
  4423 | D:4      | Noticed Robin
  4427 | D:4      | Killed Menkaure
  4428 | D:4      | Reached skill level 1 in Staves
  4433 | D:4      | Killed Robin
  4434 | D:4      | Reached skill level 1 in Maces & Flails
  5308 | D:4      | Found Collink's Jewellery Emporium.
  5591 | D:5      | Entered Level 5 of the Dungeon
  5603 | D:5      | Reached skill level 6 in Spellcasting
  5603 | D:5      | Reached XP level 8. HP: 8/53 MP: 0/0
  6225 | D:5      | Found a transporter.
  6245 | D:5      | Noticed Acheron's ghost (novice MfAr)
  6253 | D:5      | Found a transporter.
  7856 | D:6      | Found a staircase to the Ecumenical Temple.
  8151 | Temple   | Entered the Ecumenical Temple
  8577 | Temple   | Became a worshipper of Dithmenos the Shadowed
  9709 | D:5      | Found a shimmering altar of Xom.
  9739 | D:5      | Reached XP level 9. HP: 44/59 MP: 0/0
  9739 | D:5      | Learned a level 4 spell: Cause Fear
 10590 | D:7      | Noticed Duvessa
 10590 | D:7      | Noticed Dowan
 10900 | D:8      | Reached skill level 7 in Spellcasting
 11465 | D:8      | Noticed Grum
 11475 | D:8      | Reached * piety under Dithmenos
 11477 | D:8      | Killed Grum
 11478 | D:8      | Reached skill level 5 in Dodging
 11571 | D:8      | Noticed Psyche
 11577 | D:8      | Noticed Harold
 11580 | D:8      | Killed Psyche
 11581 | D:8      | Reached skill level 8 in Spellcasting
 11594 | D:8      | Killed Harold
 11595 | D:8      | Reached XP level 10. HP: 6/67 MP: 0/0
 13734 | D:9      | Reached skill level 9 in Spellcasting
 14012 | D:7      | Found a hazy altar of Hepliaklqana.
 14200 | D:7      | Killed Dowan
 14216 | D:7      | Killed Duvessa
 15904 | D:7      | Reached skill level 1 in Axes
 16173 | D:9      | Found Etuhel's General Store.
 16208 | D:9      | Found a snail-covered altar of Cheibriados.
 16250 | D:9      | Found a staircase to the Orcish Mines.
 17007 | D:9      | Found a stormy altar of Qazlal.
 17015 | D:9      | Reached ** piety under Dithmenos
 17018 | D:9      | Found an iron altar of Okawaru.
 17018 | D:9      | Found an ornate altar of the Wu Jian Council.
 17018 | D:9      | Found a sparkling altar of Nemelex Xobeh.
 17019 | D:9      | Found an opulent altar of Gozag.
 17020 | D:9      | Found a glowing silver altar of Zin.
 17022 | D:9      | Found a burning altar of Makhleb.
 17313 | D:10     | Entered Level 10 of the Dungeon
 17729 | D:10     | Noticed a gargoyle
 17733 | D:10     | Reached XP level 11. HP: 62/71 MP: 0/0
 17733 | D:10     | Learned a level 5 spell: Silence
 18498 | D:10     | Found a staircase to the Lair.
 18753 | D:11     | Found Loneha's Assorted Antiques.
 18848 | D:11     | Noticed Josephine
 18866 | D:11     | HP: 3/67 [wraith[Josephine] (10)]
 18869 | D:11     | Killed from afar by Josephine

Illustrated notes

Levels and vault maps discovered:
D:1:      evilmike_arrival_crescent, layout_basic,
          ebering_ecumenical_altar_mist, serial_shops, shop,
          hangedman_decor_peaks_small, dk_noncrumbling_2, minmay_strange_pillars
D:2:      layout_basic, uniq_natasha
D:3:      layout_loops_ring, uniq_sigmund
D:4:      layout_cave_pods, serial_shops, shop, uniq_robin, uniq_menkaure
D:5:      layout_rooms, led_xom_imps, gammafunk_ghost_smash, minivault_25,
          grunt_decor_cap
D:6:      layout_loops_cross, minmay_temple_entry_slanted
D:7:      corexii_shantytown, layout_loops_cross, mainiacjoe_overflow_paths,
          uniq_duvessa
D:8:      layout_basic, kennysheep_minor_cross, uniq_harold, uniq_grum,
          uniq_psyche
D:9:      layout_big_octagon, mainiacjoe_overflow_small_starburst, minitemple,
          orc_0_dummy, kennysheep_small_square
D:10:     layout_loops_ring, lair_entry_dummy
D:11:     layout_rooms, serial_shops, nicolae_stop_n_shop_2,
          nicolae_elyvilon_peaceful_grove, uniq_josephine, uniq_urug
Temple:   minmay_temple_curvy_loop

Skill      XL: |  1  2  3  4  5  6  7  8  9 10 11 |
---------------+----------------------------------+-----
Spellcasting   | 4 5 6 8 9 |  9.9
Fighting       | 1 2 3 |  3.7
Dodging        | 3 4 5 6 |  6.4
Stealth        | 2 3 4 |  4.1
Staves         | 1 |  1.2
Maces & Flails | 1 3 4 |  4.5
Axes           | 2 3 |  3.0

Action                   |  1- 3 |  4- 6 |  7- 9 | 10-12 || total
-------------------------+-------+-------+-------+-------++-------
Melee: Unarmed           |     5 |       |       |       ||     5
       Staff             |     3 |    45 |       |       ||    48
       Mace              |       |     5 |   176 |       ||   181
       Punch             |       |     2 |     6 |     6 ||    14
       Hand axe          |       |       |       |   190 ||   190
 Cast: Freeze            |    30 |    12 |    13 |    10 ||    65
       Frozen Ramparts   |     1 |    16 |    55 |    36 ||   108
       Sting             |       |     5 |     6 |     3 ||    14
       Ozocubu's Armour  |       |     1 |    17 |    15 ||    33
       Hailstorm         |       |       |     2 |    12 ||    14
       Cause Fear        |       |       |     4 |    24 ||    28
       Wereblood         |       |       |     1 |     2 ||     3
  Use: Scroll            |       |       |     7 |     5 ||    12
       Potion            |       |       |       |     1 ||     1
 Stab: Sleeping          |       |     1 |     1 |     4 ||     6
       Invisible         |       |       |     1 |       ||     1
Armor: Robe              |     1 |    14 |   114 |    42 ||   171
Dodge: Dodged            |    23 |    49 |   180 |   282 ||   534
